 Dungeon Crawl Stone Soup version 0.27-a0-1060-gcb85b5eba1 (webtiles) character file.

Game seed: 5789501514836720965

39 Klosterheim the Ducker (level 3, -5/29 HPs)
             Began as a Djinni Gladiator on Apr 21, 2021.
             Slain by a black bear (8 damage)
             ... created by the rage of Trog
             ... on level 2 of the Dungeon.
             The game lasted 00:02:34 (1426 turns).

Klosterheim the Ducker (Djinni Gladiator)           Turns: 1426, Time: 00:02:35

Health: -5/29      AC:  4    Str: 13    XL:     3   Next: 45%
Gold:   28         EV: 12    Int: 10    God:
                   SH:  0    Dex: 14

rFire    + + .     SeeInvis .   a - +0 long sword
rCold    x . .     Faith    .   (no shield)
rNeg     . . .     Spirit   .   b - +0 leather armour
rPois    ∞         Reflect  .   c - +0 helmet
rElec    .         Harm     .   (no cloak)
rCorr    .         Rampage  .   (no gloves)
Will     .....                  (boots unavailable)
Stlth    +.........             (no amulet)
HPRegen  0.09/turn              (no ring)
MPRegen  0.00/turn              (no ring)

@: flying, slowed, very slow
A: fire resistance 2, cold vulnerability 1, float, innate caster, hp casting,
extra vitality 1
a: no special abilities


You were on level 2 of the Dungeon.
You visited 1 branch of the dungeon, and saw 2 of its levels.

You collected 28 gold pieces.

Inventory:

Hand Weapons
 a - a +0 long sword (weapon)
Missiles
 d - 3 throwing nets (quivered)
Armour
 b - a +0 leather armour (worn)
 c - a +0 helmet (worn)
Magical Staves
 e - a staff of air
Jewellery
 g - a +6 ring of dexterity
Scrolls
 i - a scroll of torment {unknown}


   Skills:
 + Level 2.5 Fighting
 * Level 3.4 Long Blades
 - Level 1.5 Throwing
 + Level 3.7 Dodging


You had one spell level left.
You knew the following spells:

 Your Spells              Type           Power      Damage    Failure   Level
a - Animate Skeleton      Necr           0%         N/A       43%         1
Your spell library was empty.

Dungeon Overview and Level Annotations

Branches:
Dungeon (2/15)

Altars:
Trog


Innate Abilities, Weirdness & Mutations

You are immune to poison.
Your flesh is very heat resistant. (rF++)
You are vulnerable to cold. (rC-)
You float through the air rather than walking.
You learn spells naturally, not from books.
Your magical power is your life essence.
You have superior vitality. (+4 HP)


Message History

Casting: Animate Skeleton (safe; 43% risk of failure)
Confirm with . or Enter, or press ? or * to list all spells.
You attempt to give life to the dead...
Before your eyes, flesh is ripped from the corpse!
The dead are walking!
Your magical contamination has completely faded away.
Trog sends monsters to punish you.
The divine experience drains your vigour!
You feel yourself slow down. 2 polar bears and 2 black bears come into view.
There are monsters nearby!
There are monsters nearby!
There are monsters nearby!
There is an open door here.
You hit the black bear.
The black bear is lightly wounded.
The black bear closely misses you. x2; The black bear claws you.
The polar bear closely misses you. x2
The polar bear claws you but does no damage.
The black bear bites you but does no damage.
The black bear misses you. The black bear barely misses you.
The black bear bites you. The black bear claws you. x2
The black bear bites you.
The black bear claws you but does no damage.
The black bear claws you.
* * * LOW HITPOINT WARNING * * *
The polar bear bites you but does no damage.
The polar bear claws you but does no damage.
The polar bear claws you.
* * * LOW HITPOINT WARNING * * *
The polar bear bites your goblin skeleton.
The polar bear claws your goblin skeleton.
The polar bear claws your goblin skeleton!
Your goblin skeleton is destroyed!
You aren't carrying any potions.
Unknown command.
As you read the scroll labelled OLYNKI YZUFYU, it crumbles to dust.
You assume a fearsome visage.
It was a scroll of fear.
The black bear bites you!
You die...

#.........##..#
#########.........##..#
..................##..#
..................###.#
.....†............# #.#
..................# #.#
..........##...:### #.#
..........##...h#####.###
.......(..##...h@)h......
..........##...h#####..##
#############'### #.# #.#
#.# #.. ##


You could see 2 polar bears and 2 black bears.

Vanquished Creatures
  An adder (D:2)
  A worm (D:2)
  A dart slug (D:2)
  A bat (D:1)
  2 endoplasms (D:2)
  3 giant cockroaches
  A goblin (D:2)
  4 hobgoblins
  2 jackals (D:2)
  2 frilled lizards
  2 kobolds
  2 rats (D:2)
22 creatures vanquished.

Notes
Turn   | Place    | Note
-------+----------+-------------------------------------------
     0 | D:1      | Klosterheim the Djinni Gladiator began the quest for the
                  | Orb.
     0 | D:1      | Reached XP level 1. HP: 18/18 MP: 0/0
    56 | D:1      | Found a faded altar of an unknown god.
    94 | D:1      | Became a worshipper of Trog the Wrathful
    94 | D:1      | Reached * piety under Trog
   600 | D:1      | Reached XP level 2. HP: 23/23 MP: 0/0
   742 | D:1      | Fell from the grace of Trog
  1073 | D:2      | Reached XP level 3. HP: 7/29 MP: 0/0
  1073 | D:2      | Learned a level 1 spell: Animate Skeleton
  1424 | D:2      | Noticed a black bear
  1424 | D:2      | Noticed a polar bear
  1424 | D:2      | Noticed a black bear
  1424 | D:2      | Noticed a polar bear
  1426 | D:2      | Slain by a black bear

Illustrated notes

Levels and vault maps discovered:
D:1:      dpeg_arrival_round_b, layout_basic, hellmonk_ecumenical_altar_run_dry,
          minmay_misc_feat_columns
D:2:      layout_basic

Skill      XL: |  1  2 |
---------------+-------+-----
Long Blades    | 3 |  3.4
Fighting       | |  2.5
Throwing       | |  1.5
Dodging        | |  3.7

Action                   || total
-------------------------++-------
Melee: Long sword        ||    52
 Cast: Animate Skeleton  ||     2
Invok: Renounce Religion ||     1
  Use: Potion            ||     1
       Scroll            ||     1
 Stab: Sleeping          ||     1
Armor: Leather armour    ||    14
Dodge: Dodged            ||    43
       Rpst.: Long sword ||     7

Table legend: (Time is in decaauts)
 A = Elapsed time spent in this place.
 B = Non-inter-level travel time spent in this place.
 C = Inter-level travel time spent in this place.
 D = Time resting spent in this place.
 E = Time spent auto-exploring this place.
 F = Levels seen in this place.
 G = Mean time per level.
                   A        B        C        D        E       F      G
               +--------+--------+--------+--------+--------+-----+--------+
         Total |   1438 |   1377 |     61 |    281 |    961 |   2 |  719.0 |
       Dungeon |   1438 |   1377 |     61 |    281 |    961 |   2 |  719.0 |
               +--------+--------+--------+--------+--------+-----+--------+

Top non-repeatable levels by time:
     D:1: 772 daAuts
     D:2: 666 daAuts
